 Dungeon Crawl Stone Soup version 0.18.1-48-g4cf74bf (webtiles) character file.

277 OTRawrior the Digger (level 6, -12/32 HPs)
             Began as a Gargoyle Earth Elementalist on Aug 13, 2016.
             Mangled by an ogre
             ... wielding a +0 giant club
              (29 damage)
             ... on level 4 of the Dungeon.
             The game lasted 00:10:20 (3881 turns).

OTRawrior the Digger (Gargoyle Earth Elementalist)  Turns: 3881, Time: 00:10:21

Health: -12/32     AC:  6    Str: 12    XL:     6   Next: 25%
Magic:  1/13       EV: 12    Int: 17    God:
Gold:   169        SH:  0    Dex: 10    Spells: 3 memorised, 5 levels left

rFire  . . .     SeeInvis .     f - +0 whip (curse)
rCold  . . .     Gourm    .     a - +0 robe
rNeg   + . .     Faith    .     (no shield)
rPois  ∞         Spirit   .     (no helmet)
rElec  +         Dismiss  .     (no cloak)
rCorr  .         Reflect  .     (no gloves)
SustAt .         Harm     .     (no boots)
MR     .....                    (no amulet)
Stlth  ++........               (no ring)
                                (no ring)

@: very slightly contaminated, not resistant to hostile enchantments, unstealthy
A: negative energy resistance 1, electricity resistance, unbreathing,
petrification resistance, rot immunity, AC +4
a: no special abilities


You were on level 4 of the Dungeon.
You were not hungry.

You visited 1 branch of the dungeon, and saw 4 of its levels.

You collected 169 gold pieces.

Inventory:

Hand Weapons
 e - a +0 hand axe
 f - a cursed +0 whip (weapon)
 n - a +0 mace
Missiles
 b - 41 stones (quivered)
Armour
 a - a +0 robe (worn)
Jewellery
 p - an uncursed amulet of rage
Wands
 t - a wand of disintegration (8/24)
Scrolls
 h - 2 scrolls of teleportation
 l - a scroll of enchant weapon
Potions
 g - a potion of berserk rage
 i - a potion of invisibility {unknown}
 j - a potion of heal wounds {unknown}
 m - a potion of curing {unknown}
 o - a potion of brilliance {unknown}
 r - 2 potions of resistance {unknown}
 s - a potion of agility {unknown}
Books
 c - a book of Geomancy

   Spells                             Type                      Level
   a - Sandblast                      Earth                        1
   b - Passwall                       Transmutation/Earth          2
   c - Stone Arrow                    Conjuration/Earth            3
   d - Petrify                        Transmutation/Earth          4
   e - Lee's Rapid Deconstruction     Earth                        5
Comestibles
 d - 2 bread rations
 k - a meat ration
 q - 2 beef jerkies


   Skills:
 - Level 1.5 Dodging
 - Level 2.1 Stealth
 * Level 4.8 Spellcasting
   Level 0.7 Transmutations
 + Level 5.7 Earth Magic


You had 5 spell levels left.
You knew the following spells:

 Your Spells              Type           Power        Failure   Level  Hunger
a - Sandblast             Erth           ###...       1%          1    None
b - Stone Arrow           Conj/Erth      ##....       14%         3    ###....
c - Lee's Rapid Deconstr  Erth           ###.......   45%         5    ######.


Dungeon Overview and Level Annotations

Branches:
Dungeon (4/15)
 Temple: D:4-7

Altars:
Kikubaaqudgha
Nemelex Xobeh
Pakellas
Xom

Annotations:
D:4 Grinder


Innate Abilities, Weirdness & Mutations

You are resistant to torment.
Your stone body is resilient (AC +4).
You are immune to poison.
You resist negative energy.
You are resistant to electric shocks.
You can survive without breathing.
You are immune to petrification.
You are immune to rotting.


Message History

The stone arrow hits the ogre.
The ogre is heavily wounded.
Casting: Stone Arrow
Confirm with . or Enter, or press ? or * to list all spells.
Aiming: Stone Arrow
Press: ? - help, Shift-Dir - straight line, f/p - ogre
Aim: an ogre, wielding a giant club (heavily wounded)
You miscast Stone Arrow.
You are very lightly contaminated with residual magic.
You feel a strange surge of energy! The ogre hits you with a giant club!
Casting: Stone Arrow
Confirm with . or Enter, or press ? or * to list all spells.
Aiming: Sandblast
Press: ? - help, Shift-Dir - straight line, f/p - ogre
Aim: an ogre, wielding a giant club (heavily wounded)
The blast of sand hits the ogre.
The ogre is heavily wounded.
The ogre hits you with a giant club!!
Ouch! That really hurt!
You die...

#.#.....# #.#.##..#
#.#.....#
#.####.##############
#.# #...............
##.###################
#.)......#
#.#############.#
#..........O@...#
#.###############


You could see an ogre.

Vanquished Creatures
  A scorpion (D:4)
  A giant frog skeleton (D:4)
  Jessica (D:3)
  Terence (D:3)
  6 adders
  An adder skeleton (D:4)
  2 worms
  3 giant geckos
  8 orcs
  A ball python (D:2)
  9 bats
  3 giant cockroaches
  4 goblins
  5 hobgoblins
  4 jackals
  12 kobolds
  3 quokkas (D:3)
  4 giant newts
  8 rats
77 creatures vanquished.

Vanquished Creatures (others)
  A jelly (D:2)
1 creature vanquished.

Grand Total: 78 creatures vanquished

Notes
Turn   | Place    | Note
--------------------------------------------------------------
     0 | D:1      | OTRawrior the Gargoyle Earth Elementalist began the quest for the Orb.
     0 | D:1      | Reached XP level 1. HP: 10/10 MP: 3/3
   110 | D:1      | Reached XP level 2. HP: 14/15 MP: 1/5
   346 | D:1      | Reached skill level 4 in Earth Magic
   945 | D:1      | Reached XP level 3. HP: 19/19 MP: 4/7
   950 | D:1      | Learned a level 3 spell: Stone Arrow
  1142 | D:2      | You fall through a shaft!
  1828 | D:2      | Reached XP level 4. HP: 23/24 MP: 6/9
  2192 | D:2      | Found an oddly glowing altar of Pakellas.
  2192 | D:2      | Noticed an orange crystal statue
  2278 | D:3      | Found an ancient bone altar of Kikubaaqudgha.
  2409 | D:3      | Found a sparkling altar of Nemelex Xobeh.
  2409 | D:3      | Noticed Jessica
  2411 | D:3      | Killed Jessica
  2411 | D:3      | Reached skill level 5 in Earth Magic
  2471 | D:3      | Reached XP level 5. HP: 23/28 MP: 7/10
  2478 | D:3      | Learned a level 5 spell: Lee's Rapid Deconstruction
  2553 | D:3      | Noticed Terence
  2645 | D:3      | Killed Terence
  3568 | D:4      | Reached XP level 6. HP: 32/32 MP: 9/12
  3598 | D:4      | Found a shimmering altar of Xom.
  3599 | D:4      | Found a shimmering altar of Xom.
  3804 | D:4      | Noticed Grinder
  3881 | D:4      | Mangled by an ogre

Skill      XL: |  1  2  3  4  5 |
---------------+----------------+-----
Earth Magic    | 4 5 |  5.7
Spellcasting   | 3 4 |  4.8
Dodging        | |  1.5
Stealth        | |  2.1
Transmutations | |  0.7

Action                   |  1- 3 |  4- 6 || total
-------------------------+-------+-------++-------
Melee: Hand axe          |    16 |       ||    16
       Whip              |    32 |    72 ||   104
 Cast: Sandblast         |    55 |    80 ||   135
       Stone Arrow       |       |    14 ||    14
Evoke: Wand              |       |     1 ||     1
  Use: Scroll            |     7 |     1 ||     8
 Stab: Sleeping          |       |     1 ||     1
  Eat: Chunk             |     3 |     8 ||    11
Armor: Robe              |    17 |    40 ||    57
Dodge: Dodged            |    55 |    96 ||   151
